Map: [ESL] Inside and Out

Players

trigger

  • Race: Protoss Protoss
  • Spawn Location: 1:00

Ukko - Winner!

  • Race: Zerg Zerg
  • Spawn Location: 7:00

Event: DreamHack SC2 Masters 2022 Atlanta (Online)

VOD

Have the link to the VOD?

Description

Time

  • Played on: Oct. 5, 2022, 3:12 p.m.
  • Length: 4:41

All games in this series

Show
View Real Time Build Order
Export as new Build Order

trigger Protoss 

Build Orders: 1 Gate Expand 

Get SALT Encoding   

  12  0:00  Probe  
  13  0:12  Probe  
  14  0:19  Pylon  
  14  0:24  Probe  
  15  0:37  Probe (Chrono Boost)  
  15  0:38  Gateway  
  16  0:46  Probe (Chrono Boost), Assimilator  
  17  0:51  Probe  
  18  1:03  Probe  
  19  1:15  Probe  
  20  1:23  Nexus  
  20  1:27  Probe  
  21  1:36  Cybernetics Core  
  21  1:43  Assimilator  
  21  1:45  Probe  
  22  1:53  Pylon  
  22  1:57  Probe  
  23  2:11  Probe (Chrono Boost)  
  23  2:13  Warp Gate, Stalker  
  26  2:20  Probe (Chrono Boost)  
  27  2:25  Robotics Facility, Probe (Chrono Boost)  
  28  2:36  Probe (Chrono Boost)  
  30  2:37  Probe (Chrono Boost)  
  30  2:43  Adept  
  34  2:44  Probe x2 (Chrono Boost)  
  34  2:49  Probe (Chrono Boost)  
  35  2:51  Probe  
  36  3:01  Probe  
  36  3:03  Probe  
  38  3:07  Gateway  
  38  3:13  Robotics Bay  
  38  3:18  Adept (Chrono Boost)  
  43  3:33  Immortal  
  37  3:41  Adept (Chrono Boost)  
  31  3:58  Gateway  
  31  3:59  Pylon  
  31  4:01  Sentry  
  31  4:08  Adept  
  19  4:25  Stalker  
Show
View Real Time Build Order
Export as new Build Order

Ukko Zerg - Winner!

Build Orders: Hatch First 

Get SALT Encoding   

  12  0:00  Drone  
  13  0:12  Overlord  
  13  0:16  Drone  
  14  0:30  Drone x2  
  16  0:47  Hatchery  
  15  0:52  Drone  
  15  0:55  Drone  
  17  0:58  Drone  
  18  1:06  Extractor  
  17  1:14  Spawning Pool  
  16  1:19  Drone  
  16  1:20  Drone  
  18  1:28  Drone  
  19  1:47  Drone  
  19  1:50  Overlord  
  20  2:01  Queen x2  
  20  2:02  Zergling x4  
  26  2:13  Drone x2  
  26  2:14  Metabolic Boost  
  28  2:22  Drone x2  
  30  2:37  Hatchery  
  30  2:43  Overlord  
  29  2:47  Zergling x4  
  31  2:52  Zergling x2  
  32  2:59  Zergling x4  
  34  3:08  Zergling x4  
  37  3:12  Zergling x2  
  37  3:13  Zergling x6  
  40  3:23  Zergling x6  
  36  3:27  Zergling x2  
  36  3:33  Zergling x2  
  36  3:39  Zergling x4  
  37  3:44  Zergling x4  
  37  3:48  Zergling x4  
  38  3:52  Zergling x2  
  38  3:59  Zergling x4  
  39  4:04  Zergling x2  
  39  4:06  Zergling x2  
  39  4:08  Zergling x2  
  39  4:15  Zergling x4  
  39  4:22  Zergling x4  
Tags
 
Add a new tag
Caveats
  • Supply blocks, unpowered buildings, or Contaminate may cause inaccurate times.
  • Supply counts are checked every 10 seconds.